[Event "44th Chess Olympiad Open 2022"]
[Site "Chennai"]
[Date "2022.08.09"]
[Round "11.3"]
[White "Van Foreest, Jorden"]
[Black "Yakubboev, Nodirbek"]
[Result "1/2-1/2"]
[ECO "E90"]
[WhiteElo "2678"]
[BlackElo "2620"]
[Annotator "TA"]
[PlyCount "66"]
[EventDate "2022.07.29"]
[EventType "team-tourn"]
[EventCountry "IND"]
[SourceTitle "playchess.com"]
[Source "ChessBase"]
[SourceQuality "1"]
[WhiteTeam "Netherlands"]
[BlackTeam "Uzbekistan"]
[WhiteTeamCountry "NED"]
[BlackTeamCountry "UZB"]
[TimeControl "40/5400+30:1800+30"]

1. d4 Nf6 2. c4 g6 3. Nc3 Bg7 4. e4 d6 5. Nf3 O-O 6. Bd3 Bg4 7. Be2 $1 {[%emt 0:00:11][%mdl 4] is recently more successful than 7.h3. E90: King's Indian: Classical: Early deviations and 6 h3.} Nfd7 8. Be3 {[%emt 0:00:54] [#]} Nb6 $146 ({Predecessor:} 8... e5 9. d5 a5 10. Nd2 Bxe2 11. Qxe2 f5 12. f3 Na6 13. O-O-O Nac5 14. Kb1 a4 {1-0 (54) Dubov,D (2699)-Carlsen,M (2863) chess24.com INT 2020}) 9. h4 {[%emt 0:12:59] White is slightly better.} e6 10. Ng5 Bxe2 11. Qxe2 Nc6 12. O-O-O h6 13. Nf3 f5 14. exf5 Rxf5 15. Kb1 d5 16. c5 Nc4 17. Bc1 Qf6 18. Rhe1 Rxf3 19. Qxf3 $16 Qxf3 20. gxf3 {[%emt 0:00:06] Strongly threatening b3.} Nxd4 21. b3 (21. Rg1 $16) 21... Ne5 $11 22. Rxd4 Nxf3 {[%emt 0:00:02][%mdl 64] [#] Pin, Double Attack} 23. Rdd1 Nxe1 24. Nb5 c6 25. Rxe1 {[%emt 0:00:28] aiming for Nd6.} cxb5 26. Rxe6 {[%emt 0:00:09][%mdl 4096] Endgame KRB-KRB} Kf7 27. Rd6 Bf8 28. Rxd5 Ke6 29. Rd4 ({White should try} 29. Rd3 $11) 29... Bxc5 (29... h5 $1 $15) 30. Rg4 {[%emt 0:00:40] The position is equal.} Kf5 31. Rf4+ Ke6 {[%emt 0:00:57] next ...h5 is good for Black.} 32. Rg4 Kf5 33. Rf4+ Ke5 {[%emt 0:02:25] Weighted Error Value: White=0.11 (very precise) /Black=0.12 (very precise)} 1/2-1/2

[Event "44th Chess Olympiad Open 2022"]
[Site "Chennai"]
[Date "2022.08.09"]
[Round "11.3"]
[White "Sindarov, Javokhir"]
[Black "Bok, Benjamin"]
[Result "1/2-1/2"]
[ECO "C50"]
[WhiteElo "2629"]
[BlackElo "2616"]
[Annotator "TA"]
[PlyCount "105"]
[EventDate "2022.07.29"]
[EventType "team-tourn"]
[EventCountry "IND"]
[SourceTitle "playchess.com"]
[Source "ChessBase"]
[SourceQuality "1"]
[WhiteTeam "Uzbekistan"]
[BlackTeam "Netherlands"]
[WhiteTeamCountry "UZB"]
[BlackTeamCountry "NED"]
[TimeControl "40/5400+30:1800+30"]

1. e4 e5 2. Nf3 Nc6 3. Bc4 Bc5 4. Nc3 Nf6 5. d3 h6 6. O-O O-O 7. h3 a6 8. Be3 {[%emt 0:00:08] is cutting edge theory.} Bxe3 9. fxe3 d6 10. d4 {[%emt 0:00:05] C50: Hungarian Defence and Giuoco Pianissimo.} b5 11. Bd3 Re8 {[%emt 0:01:50] [#]} 12. d5 $146 ({Predecessor:} 12. a3 Rb8 13. Qd2 Bb7 14. Qf2 Na5 15. Nh4 Kh8 16. Nf5 Nh7 17. b4 Nc4 18. a4 {1-0 (33) Demchenko,A (2597)-Mastrovasilis,A (2518) Kavala 2021}) 12... Ne7 13. Nd2 Ng6 14. a4 b4 15. Na2 a5 16. c3 bxc3 17. Nxc3 Bd7 18. Bb5 Nf8 19. Rc1 Qe7 $1 20. Qc2 Rec8 21. Rf3 Qd8 22. Nc4 N8h7 23. Rd1 Rcb8 24. Rdf1 Be8 25. R3f2 Nd7 ({Black should play} 25... Bd7 $11) 26. Bc6 $14 Ra6 27. Qe2 {[%emt 0:01:40] Strongly threatening Bxd7.} Ra7 (27... Qc8 $1 $14) 28. Nb5 Ra6 {[%emt 0:00:01] [#]} 29. Nd2 {[%emt 0:00:27] White is much more active. The black rooks are badly placed.} (29. Qe1 $1 $16) 29... Rxc6 $11 30. dxc6 Nc5 31. Qc4 Nf6 32. Nb3 Nxb3 33. Qxb3 Bxc6 34. Qc4 Bxb5 (34... Bxe4 $11 35. Rd1 (35. Nxc7 $2 d5 $17) 35... Bb7) 35. axb5 $14 Qd7 36. Rc1 Rxb5 37. Qxc7 Qxc7 38. Rxc7 $16 {[%emt 0:00:05][%mdl 4096] Endgame KRR-KRN} Rb3 39. Ra7 Rxe3 40. Rc2 Nxe4 41. Rc8+ Kh7 42. Rxf7 Nc5 43. Rcc7 {[%emt 0:00:00][%mdl 1024] White has compensation.} Rg3 44. Ra7 a4 45. Kh2 Rg6 46. g4 e4 47. Rfe7 d5 48. Re5 Rb6 $1 {[%emt 0:00:00] The position is equal.} 49. Rxd5 Rxb2+ 50. Kg3 Rb3+ 51. Kh2 Rb2+ 52. Kg3 Rb3+ 53. Kh2 {[%emt 0:00:00] Weighted Error Value: White=0.06 (flawless) /Black=0.08 (flawless)} 1/2-1/2

[Event "44th Chess Olympiad Open 2022"]
[Site "Chennai"]
[Date "2022.08.09"]
[Round "11.3"]
[White "Warmerdam, Max"]
[Black "Vakhidov, Jakhongir"]
[Result "0-1"]
[ECO "B31"]
[WhiteElo "2610"]
[BlackElo "2564"]
[Annotator "TA"]
[PlyCount "120"]
[EventDate "2022.07.29"]
[EventType "team-tourn"]
[EventCountry "IND"]
[SourceTitle "playchess.com"]
[Source "ChessBase"]
[SourceQuality "1"]
[WhiteTeam "Netherlands"]
[BlackTeam "Uzbekistan"]
[WhiteTeamCountry "NED"]
[BlackTeamCountry "UZB"]
[TimeControl "40/5400+30:1800+30"]

1. e4 c5 2. Nf3 Nc6 3. Bb5 g6 4. O-O Bg7 5. c3 Nf6 6. d4 cxd4 {[%emt 0:15:13] 6...Nxe4 is the fancy move.} 7. e5 Nd5 8. cxd4 Nc7 {[%emt 0:00:21] B31: Sicilian: 2...Nc6 3 Bb5 g6.} 9. Nc3 {[%emt 0:03:00] [#] was the old line (9.Ba4).} a6 $5 $146 {[%emt 0:05:38][%mdl 8] An interesting novelty.} ({Predecessor:} 9... Nxb5 10. Nxb5 O-O 11. Bf4 a6 12. Nc3 d6 13. exd6 exd6 14. h3 d5 15. Re1 Be6 16. Qd2 Re8 17. Re2 Qb6 18. Rae1 Nxd4 19. Nxd4 Qxd4 20. Qxd4 Bxd4 21. Nxd5 Rac8 22. Bd6 Kh8 23. Nc7 Red8 24. Nxe6 Rxd6 25. Nxd4 Rxd4 26. Re7 Kg7 27. R1e2 b5 {½-½ (27) Zvjaginsev,V (2636)-Bacrot,E (2722) Moscow 2009}) 10. Bc4 O-O {[%emt 0:14:23] The position is equal.} 11. Bg5 d6 12. exd6 Qxd6 13. d5 (13. Ne4 $5 Qb4 14. Rc1 $11) 13... Na5 14. Qa4 (14. Be2 $11) 14... Nxc4 $17 15. Qxc4 b5 16. Qe4 Re8 17. Rad1 Bf5 18. Qh4 b4 ({Black should try} 18... Bxc3 $17 19. Bf4 (19. bxc3 Nxd5 20. c4 bxc4 $17) 19... Qc5) 19. Ne4 $15 Bxe4 20. Qxe4 Bxb2 21. Rfe1 $2 (21. Bf4 $15 Qc5 22. Ng5) 21... Bc3 $19 22. Re3 (22. Bf4 $142 e5 23. dxe6 Qxe6 24. Qxe6 Nxe6 25. Bd2) 22... f6 23. Qh4 Nxd5 ({Wrong is} 23... fxg5 $2 24. Nxg5 h5 25. Ne4 $19) 24. Red3 e6 ({Less strong is} 24... fxg5 25. Nxg5 h5 26. Rxd5 $14) 25. Bxf6 Bxf6 26. Qxf6 {[%emt 0:00:03][%cal Od3d5] [#] Rxd5! is the strong threat.} Qxh2+ $3 27. Kxh2 Nxf6 28. Rd6 Ne4 29. Rb6 Nxf2 (29... a5 $1 $19 {Strongly threatening ...Rab8.} 30. Rd7 Rab8 31. Rxb8 Rxb8) 30. Rd7 {[%emt 0:00:06] [#]} (30. Rd2 $17 Ne4 31. Rd4) 30... Ng4+ $1 31. Kh3 Nf6 32. Rdd6 a5 33. Ng5 $2 (33. Rb7) 33... Rad8 34. Rxd8 Rxd8 35. Rxe6 {[%emt 0:01:17][%mdl 4096] Endgame KRN-KRN} Rd3+ 36. g3 Nh5 {[%emt 0:00:08] White must now prevent ...Nf4+.} 37. Kh4 Ng7 {[%emt 0:00:07] Prevents Re8+.} (37... Rxg3 $142 38. Re8+ Kg7 39. Re7+ Kf6 40. Rf7+ Ke5) 38. Ra6 Nf5+ 39. Kg4 Rxg3+ 40. Kf4 Re3 41. Rxa5 Re7 42. Rb5 h6 43. Rb8+ Kg7 44. Nf3 (44. Ne4 $142) 44... Ne3 45. Kg3 Re4 46. Rb7+ Kf6 47. Rb6+ {[%emt 0:00:00] [#]} Kf7 $1 48. Rb7+ Ke8 49. Nd2 Rd4 50. Nb3 Nf5+ 51. Kf3 Rc4 52. Nd2 Rd4 (52... Rc3+ $19 53. Kf4 Rc2) 53. Ne4 $2 (53. Nb3 $1 $11 {and White is okay.} Rc4 54. Nd2) 53... g5 {[%emt 0:00:18][%cal Bg6g5,Bg5g4,Bg4g3,Bg3g2][%mdl 32] aiming for ...g4+!} 54. Nc5 $2 (54. Rb5 Ne7 55. Ke3) 54... g4+ 55. Ke2 g3 56. Kf3 Rc4 {[%emt 0:00:45] Threatens to win with ...Rc3+.} 57. Ne6 Rc3+ {[%emt 0:00:29] Black mates.} 58. Kf4 g2 59. Ng7+ Kd8 60. Rb8+ Kd7 {[%emt 0:01:40] Weighted Error Value: White=0.66/Black=0.27 (precise)} 0-1

[Event "44th Chess Olympiad Open 2022"]
[Site "Chennai"]
[Date "2022.08.09"]
[Round "11.4"]
[White "So, Wesley"]
[Black "Vidit, Santosh Gujrathi"]
[Result "1/2-1/2"]
[ECO "C54"]
[WhiteElo "2773"]
[BlackElo "2714"]
[Annotator "TA"]
[PlyCount "132"]
[EventDate "2022.07.29"]
[EventType "team-tourn"]
[EventCountry "IND"]
[SourceTitle "playchess.com"]
[Source "ChessBase"]
[SourceQuality "1"]
[WhiteTeam "United States"]
[BlackTeam "India"]
[WhiteTeamCountry "USA"]
[BlackTeamCountry "IND"]
[TimeControl "40/5400+30:1800+30"]

1. e4 e5 2. Nf3 Nc6 3. Bc4 Nf6 4. d3 Bc5 5. O-O d6 6. c3 a5 {[%emt 0:01:30] C54: Giuoco Piano: 4 c3 Nf6, main lines with 5 d4 and 5 d3.} 7. Re1 Ba7 8. Na3 O-O 9. h3 h6 10. Nb5 Bb6 11. Be3 Bxe3 12. Rxe3 Re8 13. Qc2 Ne7 {[%emt 0:03:13] [#] Hoping for ...c6.} 14. Qb3 Rf8 {[%emt 0:07:44] Strongly threatening ...c6.} 15. d4 {[%emt 0:03:24] [#]} exd4 $146 ({Predecessor:} 15... Ng6 16. Rd1 Bd7 17. a4 Qc8 18. Nd2 Nh5 19. Nf3 Nhf4 20. Bf1 Kh8 21. Qc4 Bc6 22. Nxc7 Qxc7 {½-½ (59) Ragger,M (2643)-Jones,G (2665) Chartres 2022}) 16. Nbxd4 d5 17. exd5 Nexd5 18. Re5 c6 19. Rae1 Qd6 20. Nb5 Qd8 21. Rd1 Bd7 22. Bxd5 cxd5 23. Nbd4 Qc7 24. Rde1 Rfe8 25. Rxe8+ Rxe8 26. Rxe8+ Bxe8 27. Nf5 {[%emt 0:00:08] Pair of Knights!} b5 28. a3 {[%emt 0:03:34] White is more active.} Qc5 29. Qd1 b4 30. axb4 axb4 31. Qd4 Qxd4 32. cxd4 $14 {[%emt 0:00:00][%mdl 4096] Endgame KBN-KNN} Kf8 33. Ne5 Ne4 34. Ne3 Nd6 35. b3 Nb7 36. Nd3 Na5 37. Nc5 Nc6 38. Nc2 Ke7 39. Nd3 Na5 40. Ndxb4 Nxb3 41. Nxd5+ Kd6 42. Nde3 g6 {[%emt 0:01:53] Prevents Nf5+.} 43. f3 f5 44. g3 Ke6 45. Kf2 g5 46. f4 Bc6 {[%emt 0:00:00] Prevents d5+. The position is equal.} 47. Nc4 Be4 48. N4a3 gxf4 49. gxf4 Kd5 50. Ke3 Bxc2 51. Nxc2 $11 {[%emt 0:00:00] KN-KN} Kc4 52. Na3+ Kb4 53. Nc2+ (53. Nb1 $5 ) 53... Kc4 54. h4 h5 55. Na3+ Kb4 $1 56. Nb1 {[%emt 0:00:00] [#] And now Nd2 would win.} Kc4 57. d5 Kxd5 58. Nc3+ Ke6 59. Ne2 Kf6 60. Ng3 Kg6 61. Kd3 Nc5+ 62. Kd4 Ne6+ 63. Ke5 Nc5 64. Ne2 Nd3+ 65. Kd4 Ne1 66. Ke3 Kf6 {[%emt 0:00:05] Weighted Error Value: White=0.05 (flawless) /Black=0.03 (flawless)} 1/2-1/2

[Event "44th Chess Olympiad Open 2022"]
[Site "Chennai"]
[Date "2022.08.09"]
[Round "11.4"]
[White "Harikrishna, Pentala"]
[Black "Caruana, Fabiano"]
[Result "1/2-1/2"]
[ECO "E36"]
[WhiteElo "2720"]
[BlackElo "2783"]
[Annotator "TA"]
[PlyCount "36"]
[EventDate "2022.07.29"]
[EventType "team-tourn"]
[EventCountry "IND"]
[SourceTitle "playchess.com"]
[Source "ChessBase"]
[SourceQuality "1"]
[WhiteTeam "India"]
[BlackTeam "United States"]
[WhiteTeamCountry "IND"]
[BlackTeamCountry "USA"]
[TimeControl "40/5400+30:1800+30"]

1. d4 Nf6 2. c4 e6 3. Nc3 Bb4 4. Qc2 O-O 5. a3 Bxc3+ 6. Qxc3 d5 7. Bg5 {[%emt 0:00:04] The position is equal.} h6 {[%emt 0:01:38] E36: Nimzo-Indian: Classical: 4...d5 5 a3.} 8. Bxf6 Qxf6 9. Nf3 dxc4 $1 {[%emt 0:04:51] 9...dxc4 is better than 9...c6.} 10. Qxc4 Nc6 11. e3 e5 12. d5 e4 {[%emt 0:15:03] [#]} 13. Qxe4 $146 {[%emt 0:04:16] [#] Bd3 is the strong threat.} ({Predecessor:} 13. Nd2 Ne7 14. Nxe4 Qxb2 15. Qc3 Qb6 16. Bc4 Rd8 17. Rd1 Qg6 18. Ng3 c6 19. Bd3 {1-0 (94) Reuker,J (2389)-Grigorian,S (2359) Bremen 2018}) 13... Qxb2 14. Rd1 Qc3+ 15. Rd2 Qc1+ 16. Rd1 $1 Qc3+ 17. Rd2 Qc1+ 18. Rd1 $1 Qc3+ {[%emt 0:00:00] A balanced but interesting game.  Weighted Error Value: White=0.02 (flawless) /Black=0.00 (flawless)} 1/2-1/2

[Event "44th Chess Olympiad Open 2022"]
[Site "Chennai"]
[Date "2022.08.09"]
[Round "11.4"]
[White "Shankland, Sam"]
[Black "Narayanan.S.L"]
[Result "1-0"]
[ECO "E36"]
[WhiteElo "2720"]
[BlackElo "2659"]
[Annotator "TA"]
[PlyCount "147"]
[EventDate "2022.07.29"]
[EventType "team-tourn"]
[EventCountry "IND"]
[SourceTitle "playchess.com"]
[Source "ChessBase"]
[SourceQuality "1"]
[WhiteTeam "United States"]
[BlackTeam "India"]
[WhiteTeamCountry "USA"]
[BlackTeamCountry "IND"]
[TimeControl "40/5400+30:1800+30"]

1. d4 Nf6 2. c4 e6 3. Nc3 Bb4 4. Qc2 d5 5. a3 Bxc3+ 6. Qxc3 b6 {[%emt 0:04:12] 6...0-0 is setting a new trend.} 7. Nf3 {[%emt 0:03:03] E36: Nimzo-Indian: Classical: 4...d5 5 a3.} dxc4 8. Qxc4 Ba6 9. Qa4+ {[%emt 0:00:39] White has an edge.} Qd7 10. Qc2 Qc6 (10... h6 {is more complex.} 11. Rg1 Bb7 12. Ne5 Qxd4 13. Qxc7 O-O) 11. Qxc6+ Nxc6 12. Bf4 Nd5 13. Bg3 Nce7 14. Rc1 {[%emt 0:09:21] [#]} Nf5 $146 ({Predecessor:} 14... Rc8 15. e4 Bxf1 16. Kxf1 Nf6 17. Nd2 Nh5 18. Ke2 Nxg3+ 19. hxg3 f5 20. f3 O-O {½-½ (34) Vera Gonzalez Quevedo,R (2510)-Tiviakov,S (2680) Merida 2006}) 15. e3 Bxf1 16. Kxf1 Rc8 17. Ke2 f6 18. e4 Nxg3+ 19. hxg3 Ne7 20. g4 O-O 21. Rc2 h6 22. Rhc1 c6 23. b4 Ra8 24. Rb1 Rfc8 25. Nd2 Rd8 26. Nb3 Kf7 27. Rbc1 Rd7 28. g3 Rad8 29. Rc3 e5 (29... Rd6 $11) 30. dxe5 $16 fxe5 31. R1c2 Rd6 32. Nd2 Re6 33. Nc4 Rd4 34. f3 Kf6 35. Rd3 Ng6 36. Ne3 (36. Rdd2 {feels hotter.} c5 37. bxc5 bxc5 38. Na5) 36... Rxd3 37. Kxd3 {[%emt 0:00:04][%mdl 4096] Endgame KRN-KRN} Rd6+ 38. Ke2 $1 Ne7 39. Nc4 Rd4 40. Nb2 g6 41. Ke3 Rd8 42. Rh2 (42. f4 $142) 42... Ng8 43. Nd3 g5 44. Rc2 Rd6 45. Ke2 Ne7 46. Nb2 Rd8 47. Nc4 c5 (47... Ke6 $16 48. Ne3 Kf7) 48. bxc5 $18 Nc6 {[%emt 0:00:38] Threatens to win with ...Nd4+.} 49. Ke3 bxc5 50. Nd2 Na5 51. Rxc5 Rxd2 52. Rxa5 {[%emt 0:00:00] KR-KR} Rb2 53. Ra6+ ({Don't do} 53. Rxa7 $6 Rb3+ 54. Kf2 Rb2+ 55. Ke3 Rb3+ 56. Kf2 Rb2+ 57. Ke1 Rb1+ 58. Kf2 Rb2+ $16) 53... Ke7 54. Rxa7+ Kd6 55. Ra6+ Ke7 $2 (55... Kc5 56. Ra5+ (56. Rxh6 Rb3+ 57. Ke2 Rb2+ 58. Ke3 Rb3+ 59. Ke2 Rb2+ 60. Ke3 $14) 56... Kc4 57. Rxe5 Rb3+ 58. Kf2 Rb2+ 59. Ke3 Rb3+ 60. Kf2 Rb2+ 61. Kg1 Kd4) 56. a4 Rb3+ 57. Ke2 Rb2+ (57... Ra3 $142 58. a5 Kf7) 58. Kd3 Rb3+ {[%emt 0:00:05] [#]} 59. Kc4 $1 Rxf3 60. a5 Rxg3 61. Rxh6 Kd7 62. Kd5 (62. a6 $142 Kc7 63. Kc5) 62... Kc7 63. Rh7+ Kb8 64. Kxe5 {[%emt 0:00:59] White threatens Kf6 and mate.} Rxg4 65. Rg7 {[%emt 0:00:15] White mates.} Rg1 66. Kf5 Ra1 67. e5 Kc8 68. Kxg5 Rxa5 {[%emt 0:00:20] [#]} 69. Kf6 $1 Ra1 70. e6 Rf1+ 71. Ke7 Rh1 72. Rg2 Rh7+ 73. Kd6 Rh8 74. Rc2+ {[%emt 0:00:12] Weighted Error Value: White=0.04 (flawless) /Black=0.12 (very precise)} 1-0

[Event "44th Chess Olympiad Open 2022"]
[Site "Chennai"]
[Date "2022.08.09"]
[Round "11.4"]
[White "Erigaisi Arjun"]
[Black "Dominguez Perez, Leinier"]
[Result "1-0"]
[ECO "E20"]
[WhiteElo "2689"]
[BlackElo "2754"]
[Annotator "TA"]
[PlyCount "97"]
[EventDate "2022.07.29"]
[EventType "team-tourn"]
[EventCountry "IND"]
[SourceTitle "playchess.com"]
[Source "ChessBase"]
[SourceQuality "1"]
[WhiteTeam "India"]
[BlackTeam "United States"]
[WhiteTeamCountry "IND"]
[BlackTeamCountry "USA"]
[TimeControl "40/5400+30:1800+30"]

1. d4 Nf6 2. c4 e6 3. Nc3 Bb4 4. f3 d5 5. a3 Be7 6. e4 dxe4 {[%emt 0:00:09] E20: Nimzo-Indian: 4 g3 and 4 f3.} 7. fxe4 c5 8. d5 {[%emt 0:00:05] Threatens to win with e5.} exd5 {[%emt 0:00:28] The position is equal.} 9. exd5 O-O 10. Be2 $1 {[%emt 0:00:03] The main line 10.Be2 scores better than 10.Nf3.} a6 11. Nf3 Bd6 12. O-O h6 {[%emt 0:08:10] Against Bg5} 13. h3 {[%emt 0:02:08] [#]} Re8 $146 ({Predecessor:} 13... Bf5 14. Nh4 Bh7 15. Bd3 Bxd3 16. Qxd3 Nbd7 17. Nf5 Ne5 18. Qg3 Nh5 19. Qf2 Nd3 20. Qf3 Nxc1 21. Qxh5 Nb3 22. Ne4 Nxa1 23. Nxh6+ gxh6 24. Nf6+ Kg7 25. Qg4+ {1-0 (25) Sabuk,P (2398)-Bartos,J (2156) Brno 2021}) 14. Bd3 Nbd7 (14... b5 $5) 15. a4 Nf8 16. b3 Bc7 ({Black should try} 16... Ng6 $11) 17. Re1 Rxe1+ 18. Qxe1 (18. Nxe1 Be5 19. Qc2 Bd4+ 20. Kh1 {[#]} Ng4 $1 $15 ) 18... Qd6 19. Ne2 Qe7 20. Bf4 Bxf4 21. Nxf4 Qxe1+ 22. Rxe1 Bd7 ({Black should play} 22... a5) 23. a5 $16 {[%emt 0:09:12] White is more active.} Re8 24. Rd1 (24. Kf2 $142) 24... Bc8 25. Ne2 N8d7 26. Nc3 Kf8 27. Kf2 Ke7 (27... Ne5 $142) 28. Re1+ Kd8 29. Na4 Rxe1 30. Nxe1 ({Don't do} 30. Kxe1 $6 Ke7 $16) 30... g6 31. Ke3 Ke7 32. Bc2 Kd6 33. Nd3 Ng8 (33... Nh5 $16 34. b4 cxb4) 34. b4 $18 cxb4 35. Kd4 ({Don't play} 35. Nxb4 $6 Ngf6 36. Kd4 Kc7 $16) 35... Ngf6 36. Nxb4 Nh5 37. c5+ Kc7 38. Bb3 f6 39. d6+ Kd8 40. c6 bxc6 41. Nxc6+ Ke8 42. Nb6 Nxb6 (42... Bb7) 43. axb6 {[%emt 0:01:08][%mdl 4096] Endgame KBN-KBN. White is clearly winning.} Kd7 44. Ne7 ({Not} 44. Na5 Kxd6 45. Bd5 Nf4 $18) 44... Bb7 45. Kc5 {[%emt 0:01:08] [#] Black must now prevent Ba4+.} Nf4 46. Ba4+ Kd8 47. Bc6 Ne6+ 48. Kd5 Nf4+ 49. Ke4 {[%emt 0:01:05] Weighted Error Value: White=0.07 (flawless) /Black=0.20 (precise)} 1-0

[Event "44th Chess Olympiad Open 2022"]
[Site "Chennai"]
[Date "2022.08.09"]
[Round "11.5"]
[White "McShane, Luke J"]
[Black "Hamitevici, Vladimir"]
[Result "0-1"]
[ECO "B07"]
[WhiteElo "2649"]
[BlackElo "2473"]
[Annotator "TA"]
[PlyCount "118"]
[EventDate "2022.07.29"]
[EventType "team-tourn"]
[EventCountry "IND"]
[SourceTitle "playchess.com"]
[Source "ChessBase"]
[SourceQuality "1"]
[WhiteTeam "England"]
[BlackTeam "Moldova"]
[WhiteTeamCountry "ENG"]
[BlackTeamCountry "MDA"]
[TimeControl "40/5400+30:1800+30"]

1. e4 d6 2. d4 Nf6 3. Nc3 g6 4. Be3 c6 5. Nf3 Bg7 6. Qd2 b5 7. Bd3 Nbd7 8. O-O O-O 9. h3 e5 10. dxe5 dxe5 11. a4 {[%emt 0:01:29] B07: Pirc Defence: Miscellaneous Systems.} b4 12. Ne2 c5 {[%emt 0:10:49] is the legacy move (12...a5).} 13. Ng3 {[%emt 0:00:08] [#] White is slightly better.} a5 $146 ({Predecessor:} 13... Qc7 14. Rfd1 Bb7 15. Bb5 Rad8 16. Qd6 Qc8 17. a5 Rfe8 18. Qd3 a6 19. Bc4 Nb6 {1-0 (46) Kveinys,A (2526)-Sulskis,S (2521) Liepaja 2017}) 14. Rad1 (14. Rfd1 $16) 14... Qc7 $11 15. Bb5 Ba6 $1 16. Bxa6 ({Of course not} 16. Bxd7 Bxf1 17. Qd6 (17. Nxf1 Rfd8 $17) 17... Qxd6 18. Rxd6 Rfd8 19. Kxf1 Nxd7 $17) 16... Rxa6 17. Bh6 (17. c4 $11) 17... Re8 18. Qg5 Nf8 (18... Bxh6 $15 19. Qxh6 c4) 19. Bxg7 $14 Kxg7 20. Rd2 Ng8 21. Nf5+ Kh8 22. Ne3 f6 23. Qh4 Qc6 24. Nd5 Ra7 25. b3 Rf7 (25... Kg7 $11) 26. Ne3 $16 Ne6 27. Nc4 Nd4 (27... Ra7 $14) 28. Nxa5 Qc7 29. Nc4 f5 (29... Rfe7 $16 30. Ra1 Re6) 30. Nxd4 $1 $18 cxd4 31. exf5 Rxf5 32. Re1 {[%emt 0:01:00] Black must now prevent Rxd4.} Nf6 33. f3 Qc5 34. Kh1 (34. Qf2 $18) 34... g5 (34... e4 $1 $14) 35. Qg3 $1 h5 36. h4 ({Better is} 36. a5 $18) 36... g4 $16 37. Rde2 ({White should play} 37. Rf2 $1 $16 {Threatens to win with fxg4.} Qc7 38. a5) 37... gxf3 $11 38. gxf3 ({But not} 38. Rxe5 $2 Rexe5 39. Nxe5 fxg2+ 40. Kh2 g1=R 41. Rxg1 (41. Kxg1 $2 {too greedy.} d3+ 42. Kg2 d2 $19) 41... Qxe5 $19) 38... Rg8 {[%emt 0:00:05] Inhibits Qg6.} 39. Qh3 e4 $1 $36 {[%emt 0:00:56][%mdl 2048] Black is more active.} 40. fxe4 Rf4 {[%emt 0:00:10] Hoping for ...Rgg4.} 41. Rf1 $2 {[%emt 0:13:21][%mdl 8192] Black continues to play with concentration.} (41. Qh2 $11 Rgg4 42. Rf2 Rxf2 43. Qxf2 Nxe4 44. Rxe4 Rxe4 45. Qf6+ Kh7 46. Qf7+ Kh8 47. Qf6+ Kh7 48. Qf7+ Kh8 49. Qf6+) 41... d3 $1 $19 42. Re3 {[%emt 0:15:46] [#]} dxc2 $1 43. Rxf4 c1=Q+ 44. Rf1 {[%emt 0:00:03] [#]} Qc2 $1 45. Rxf6 {[%emt 0:00:21] [#]} (45. Qf3 Ng4) 45... Qxe4+ $3 46. Rff3 Qcd4 47. Qf1 Qc2 $2 (47... Qxh4+ {mates} 48. Rh3 Qd5+ 49. Kh2 Qf4+ $3 50. Reg3 Rxg3 $1 51. Rxg3 Qxf1 52. Rg1 Qf2+ 53. Kh3 Qxg1 54. Kh4 Qh2#) 48. Ne5 $2 {[%emt 0:00:27] [#]} (48. Rg3 $19 Qxh4+ 49. Rh3) 48... Qdb2 $1 49. Nf7+ Kh7 50. Ng5+ {[%emt 0:00:31] [#]} Rxg5 $1 51. Rf7+ (51. Re7+ Rg7) 51... Rg7 52. Re2 {[%emt 0:00:16] Inhibits Qh2+.} Qc6+ {[%emt 0:01:31] Black mates.} 53. Kh2 Qd6+ 54. Kh1 Qd5+ 55. Rf3 Qf6 56. Ref2 Qxh4+ 57. Rh2 {[%emt 0:00:06] [#]} Qxf3+ $3 58. Qxf3 Qe1+ 59. Qf1 Qxf1# {[%emt 0:00:04] Weighted Error Value: White=0.73/Black=0.34} 0-1

[Event "44th Chess Olympiad Open 2022"]
[Site "Chennai"]
[Date "2022.08.09"]
[Round "11.5"]
[White "Haria, Ravi"]
[Black "Ceres, Dragos"]
[Result "1/2-1/2"]
[ECO "C02"]
[WhiteElo "2505"]
[BlackElo "2378"]
[Annotator "RC"]
[PlyCount "62"]
[EventDate "2022.07.29"]
[EventType "team-tourn"]
[EventCountry "IND"]
[SourceTitle "playchess.com"]
[Source "ChessBase"]
[SourceQuality "1"]
[WhiteTeam "England"]
[BlackTeam "Moldova"]
[WhiteTeamCountry "ENG"]
[BlackTeamCountry "MDA"]
[TimeControl "40/5400+30:1800+30"]

1. e4 e6 2. d4 d5 3. e5 c5 4. c3 Nc6 5. Nf3 Qb6 6. a3 Bd7 7. b4 cxd4 8. cxd4 Rc8 9. Be3 Nh6 10. Bd3 Nf5 11. O-O Be7 12. Nbd2 Nd8 13. Nb3 Ba4 14. Bxf5 exf5 15. Qb1 Qg6 16. Nc5 Bb5 17. Re1 b6 18. a4 Bc4 19. Nd3 Ne6 20. Nf4 Nxf4 21. Bxf4 Qe6 22. Bg5 Bf8 23. b5 h6 24. Bd2 Be7 25. Bb4 Bd3 26. Qxd3 Bxb4 27. Rec1 O-O 28. Nh4 g6 29. g3 Rc4 30. Ng2 Rfc8 31. Qd1 Bc3 1/2-1/2